 Dungeon Crawl Stone Soup version 0.23.2-1-ga50397a6bc (webtiles) character file.

Game seed: 10207380685777683928

12187 1994 the Fighter (level 11, -1/131 HPs)
             Began as an Ogre Berserker on May 9, 2019.
             Was a High Priest of Trog.
             Slain by an unseen horror (6 damage)
             ... on level 11 of the Dungeon.
             The game lasted 00:51:29 (18671 turns).

1994 the Fighter (Ogre Berserker)                  Turns: 18671, Time: 00:51:29

Health: -1/131     AC:  6    Str: 23    XL:     11   Next: 89%
Magic:  11/11      EV: 10    Int:  8    God:    Trog [*****.]
Gold:   680        SH:  0    Dex: 11    Spells: 10/10 levels left

rFire    . . .     SeeInvis .   a - +0 battleaxe
rCold    . . .     Gourm    +   (shield currently unavailable)
rNeg     . . .     Faith    .   K - +0 troll leather armour
rPois    .         Spirit   .   (helmet restricted)
rElec    .         Reflect  .   F - +0 cloak
rCorr    .         Harm     .   (gloves unavailable)
MR       +....                  (boots unavailable)
Stlth    +.........             o - amulet of the gourmand
HPRegen  0.71/turn              (no ring)
MPRegen  0.12/turn              (no ring)

@: drained
A: large, unfitting armour, tough skin 1
a: Berserk, Trog's Hand, Brothers in Arms, Renounce Religion


You were on level 11 of the Dungeon.
You worshipped Trog.
Trog was extremely pleased with you.
You were very full.

You visited 2 branches of the dungeon, and saw 12 of its levels.
You also visited: Ossuary.

You collected 680 gold pieces.

Inventory:

Hand Weapons
 a - a +0 battleaxe (weapon)
 m - a +0 giant spiked club
 M - a +0 halberd of venom
Missiles
 e - 327 stones
 u - 16 poisoned needles
 x - 11 tomahawks (quivered)
 y - 5 steel javelins
 E - 3 large rocks
 G - 3 throwing nets
Armour
 F - a +0 cloak (worn)
 K - a +0 troll leather armour (worn)
Jewellery
 o - an amulet of the gourmand (around neck)
Wands
 b - a wand of polymorph (12)
 v - a wand of enslavement (12)
 B - a wand of flame (22)
 H - a wand of iceblast (5)
 I - a wand of acid (5)
 J - a wand of random effects (15)
 O - a wand of disintegration (11)
 P - a wand of paralysis (11)
Scrolls
 f - 3 scrolls of remove curse
 i - a scroll of immolation
 k - 2 scrolls of fear {unknown}
 l - 8 scrolls of identify
 n - 2 scrolls of random uselessness {unknown}
 q - a scroll of blinking
 t - a scroll of enchant weapon {unknown}
 D - a scroll of noise {unknown}
Potions
 d - 3 potions of heal wounds
 g - a potion of berserk rage
 h - 4 potions of cancellation
 j - 3 potions of curing
 p - 2 potions of invisibility
 r - 3 potions of flight
 s - 3 potions of lignification
 w - 2 potions of brilliance
 z - 3 potions of might
 A - 2 potions of mutation
 C - a potion of resistance
 N - a potion of ambrosia {unknown}
Miscellaneous
 L - a box of beasts
Comestibles
 c - 29 rations
 Q - a chunk of flesh


   Skills:
 * Level 14.8(13.3) Fighting
 * Level 11.8(10.4) Axes
 - Level 8.0(6.7) Throwing
 - Level 4.5(3.3) Dodging


You had 10 spell levels left.
You didn't know any spells.
Your spell library contained the following spells:

 Spells                   Type           Power        Failure   Level  Hunger
 Flame Tongue             Conj/Fire      #....        45%         1    ##.....
 Throw Flame              Conj/Fire      #.....       58%         2    ###....
 Conjure Flame            Conj/Fire      #.......     83%         3    ####...
 Inner Flame              Hex/Fire       #.......     83%         3    ####...
 Sticky Flame             Conj/Fire      #.......     99%         4    #####..
 Fireball                 Conj/Fire      #.........   100%        5    ######.


Dungeon Overview and Level Annotations

Branches:
Dungeon (11/15)            Temple (1/1) D:7            Lair (0/6) D:11
    Orc (0/2) D:11

Altars:
Ashenzari
Cheibriados
Dithmenos
Elyvilon
Fedhas
Gozag
Hepliaklqana
Kikubaaqudgha
Makhleb
Nemelex Xobeh
Okawaru
Qazlal
Ru
Sif Muna
Trog
Uskayaw
Vehumet
Wu Jian
Xom
Yredelemnul
Zin
The Shining One

Shops:
D:6 [


Innate Abilities, Weirdness & Mutations

You are too large for most types of armour.
You have tough skin. (AC +1)


Message History

* * * LOW HITPOINT WARNING * * *
You closely miss something. Something hits you.
* * * LOW HITPOINT WARNING * * *
You swing at nothing.
Something hits you but does no damage.
You swing at nothing.
Something hits you.
* * * LOW HITPOINT WARNING * * *
You swing at nothing.
Something hits you.
* * * LOW HITPOINT WARNING * * *
You swing at nothing.
You hear a splashing noise.
You swing at nothing.
Something hits you!
* * * LOW HITPOINT WARNING * * *
Something hits you.
* * * LOW HITPOINT WARNING * * *
You miss something. Something hits you.
* * * LOW HITPOINT WARNING * * *
You swing at nothing.
You hear a splashing noise.
You swing at nothing.
Something hits you.
You die...

###....##..##
##......## #####
###....####.....
##............
##.......Y.....
##..#...........
#..###..........
###{##
#..........
#.@##
##......... ##.#
####...... ###
######


There were no monsters in sight!

Vanquished Creatures
  Snorg (D:11)
  Harold (D:8)
  Nergalle (D:11)
  A manticore (D:11)
  Maurice (D:9)
  A centaur skeleton (D:11)
  2 trolls (D:9)
  A meliai zombie (D:11)
  2 hippogriffs
  3 yaks
  2 basilisks (D:11)
  A wyvern (D:9)
  3 hungry ghosts
  Grum (D:11)
  2 two-headed ogre zombies (D:11)
  3 porcupines (D:11)
  A sky beast (D:11)
  5 ice beasts
  2 orc warriors
  An eye of draining (D:10)
  4 phantoms
  4 black bears
  4 ogres
  6 centaurs
  7 wolves
  A crocodile (D:10)
  2 big kobolds
  4 bullfrogs
  A water moccasin zombie (D:9)
  5 scorpions
  A troll zombie (D:11)
  7 howler monkeys
  3 centaur zombies
  5 crimson imps
  A quasit (D:11)
  3 human zombies (Ossuary)
  3 jellies
  4 hounds (D:11)
  8 orc priests
  8 orc wizards
  5 bullfrog skeletons
  4 iguanas
  7 worker ants
  Ijyb (D:5)
  2 hound zombies (Ossuary)
  5 ogre zombies (D:11)
  2 hound skeletons
  4 mummies (Ossuary)
  14 adders
  A howler monkey skeleton (D:7)
  4 shadow imps
  3 adder zombies
  4 adder skeletons
  6 worms
  3 dart slugs
  7 leopard geckos
  37 orcs
  A ball python (D:2)
  4 giant cockroaches
  12 goblins
  11 hobgoblins
  7 jackals
  11 kobolds
  3 quokkas
  9 bats
  2 frilled lizards
  3 goblin zombies (D:11)
  A hobgoblin skeleton (D:11)
  2 hobgoblin zombies (D:11)
  A jackal zombie (Ossuary)
  A kobold zombie (Ossuary)
  2 leopard gecko skeletons
  3 orc skeletons (D:11)
  18 orc zombies
  10 rats
  A rat zombie (Ossuary)
  A plant (D:11)
328 creatures vanquished.

Vanquished Creatures (others)
  An orc wizard (D:8)
  A fungus (D:11)
  19 plants (D:11)
21 creatures vanquished.

Grand Total: 349 creatures vanquished

Notes
Turn   | Place    | Note
-------+----------+-------------------------------------------
     0 | D:1      | 1994 the Ogre Berserker began the quest for the Orb.
     0 | D:1      | Reached XP level 1. HP: 24/24 MP: 1/1
   102 | D:1      | Reached XP level 2. HP: 17/32 MP: 2/2
   726 | D:1      | Reached XP level 3. HP: 32/40 MP: 3/3
  1256 | D:2      | Reached ** piety under Trog
  1402 | D:2      | Found a sacrificial altar of Ru.
  1648 | D:2      | Reached XP level 4. HP: 29/49 MP: 4/4
  2099 | D:2      | Reached skill level 5 in Fighting
  2889 | D:3      | Found a stormy altar of Qazlal.
  3092 | D:3      | Reached XP level 5. HP: 44/57 MP: 5/5
  3357 | D:3      | Found an iron altar of Okawaru.
  4128 | D:4      | Reached skill level 1 in Throwing
  4516 | D:4      | Reached skill level 6 in Fighting
  4516 | D:4      | Reached XP level 6. HP: 46/67 MP: 6/6
  4889 | D:4      | Noticed a hippogriff
  4889 | D:4      | Noticed an ice beast
  4963 | D:4      | Killed a hippogriff
  4963 | D:4      | Reached skill level 5 in Axes
  4963 | D:4      | Reached XP level 7. HP: 53/76 MP: 7/7
  5293 | D:4      | Reached skill level 7 in Fighting
  6199 | D:5      | Entered Level 5 of the Dungeon
  6206 | D:5      | Reached skill level 8 in Fighting
  6206 | D:5      | Reached XP level 8. HP: 88/88 MP: 8/8
  7021 | D:5      | Noticed Ijyb
  7067 | D:5      | Killed Ijyb
  8210 | D:5      | Reached skill level 9 in Fighting
  9655 | D:5      | Found a glowing golden altar of the Shining One.
 10092 | D:6      | Reached XP level 9. HP: 101/101 MP: 9/9
 10278 | D:6      | Reached skill level 10 in Fighting
 10703 | D:6      | Found a snail-covered altar of Cheibriados.
 10707 | D:6      | Reached *** piety under Trog
 10849 | D:6      | Reached skill level 5 in Throwing
 11002 | D:6      | Found Valluurph's Armour Shoppe.
 11242 | D:7      | Found a bloodstained altar of Trog.
 11255 | D:7      | Found a sand-covered staircase.
 11288 | D:7      | Found a staircase to the Ecumenical Temple.
 11294 | Temple   | Entered the Ecumenical Temple
 11404 | Ossuary  | Entered an ossuary
 11816 | Ossuary  | Received a gift from Trog
 12615 | D:7      | Found a white marble altar of Elyvilon.
 13136 | D:7      | Reached skill level 11 in Fighting
 13384 | D:8      | Noticed Harold
 13404 | D:8      | Killed Harold
 13404 | D:8      | Reached XP level 10. HP: 92/115 MP: 10/10
 13699 | D:8      | Received a gift from Trog
 13853 | D:8      | Found a blossoming altar of Fedhas.
 13916 | D:8      | Reached skill level 12 in Fighting
 14303 | D:8      | Found a radiant altar of Vehumet.
 15299 | D:9      | Found a hazy altar of Hepliaklqana.
 15352 | D:9      | Found a burning altar of Makhleb.
 15419 | D:9      | Reached skill level 10 in Axes
 15526 | D:9      | Noticed Maurice
 15559 | D:9      | Killed Maurice
 15613 | D:9      | Reached **** piety under Trog
 15865 | D:10     | Entered Level 10 of the Dungeon
 16201 | D:10     | Reached skill level 13 in Fighting
 16596 | D:10     | Reached XP level 11. HP: 113/127 MP: 11/11
 17167 | D:11     | Noticed Grum
 17359 | D:11     | Killed Grum
 17365 | D:11     | Noticed a manticore
 17424 | D:11     | Killed a manticore
 17600 | D:11     | Noticed Snorg
 17609 | D:11     | Killed Snorg
 17609 | D:11     | Reached skill level 14 in Fighting
 17671 | D:11     | Reached ***** piety under Trog
 17983 | D:11     | Found a staircase to the Lair.
 18194 | D:11     | Found a staircase to the Orcish Mines.
 18406 | D:11     | Noticed Nergalle
 18420 | D:11     | Killed Nergalle
 18668 | D:11     | HP: 4/131 [something (3)]
 18671 | D:11     | Slain by an unseen horror

Skill      XL: |  1  2  3  4  5  6  7  8  9 10 11 |
---------------+----------------------------------+-----
Dodging        | 3 4 |  4.5
Fighting       | 5 6 8 9 11 13 14 | 14.8
Axes           | 4 5 6 7 9 10 11 | 11.8
Throwing       | 1 2 3 4 6 7 8 |  8.0

Action                   |  1- 3 |  4- 6 |  7- 9 | 10-12 || total
-------------------------+-------+-------+-------+-------++-------
Melee: Hand axe          |    94 |   196 |   628 |   234 ||  1152
       Unarmed           |       |       |       |    15 ||    15
       Battleaxe         |       |       |       |   268 ||   268
Throw: Stone             |     2 |     8 |    40 |     7 ||    57
       Tomahawk          |       |       |       |    15 ||    15
       Javelin           |       |       |       |     6 ||     6
Invok: Berserk           |     3 |     2 |    12 |     8 ||    25
       Trog's Hand       |       |     1 |     1 |       ||     2
  Use: Potion            |       |     1 |       |       ||     1
       Scroll            |       |       |    14 |       ||    14
 Stab: Sleeping          |     2 |     1 |       |       ||     3
  Eat: Chunk             |     5 |    12 |    37 |    30 ||    84
       Ration            |       |       |     3 |       ||     3
Armor: Animal skin       |    28 |    42 |    90 |    22 ||   182
       Troll leather arm |       |       |       |   143 ||   143
       Skin              |       |       |       |     2 ||     2
Dodge: Dodged            |    57 |   125 |   318 |   324 ||   824
